[Event "*** SCC Grand Prix: Titled Tuesday Blitz"]
[Site "Chess.com"]
[Date "2020.07.07"]
[Round "2"]
[White "kleopl"]
[Black "MestreSoares"]
[Result "1-0"]
[WhiteElo "2404"]
[BlackElo "2108"]
[TimeControl "180+1"]
[EndTime "10:18:13 PDT"]
[Termination "kleopl won on time"]

1. c4 Nf6 2. Nc3 c5 3. Nf3 Nc6 4. g3 g6 5. d4 cxd4 6. Nxd4 Nxd4 7. Qxd4 Bg7 8. Bg2 d6 9. O-O O-O 10. Qd2 a6 11. b3 Rb8 12. Bb2 Bd7 13. Rfd1 Bc6 14.
Bxc6 bxc6 15. Qd3 c5 16. Rac1 Qc7 17. e4 Rbd8 18. Ba1 h5 19. Qd2 Qb7 20. f3 Rfe8 21. Re1 h4 22. gxh4 Nh5 23. Nd5 Bxa1 24. Rxa1 e6 25. Nc3 e5 26. Nd5 Qd7 27. Kg2 Qe6 28. Rad1 Kg7 29. Qg5 Rh8 30. h3 Rdf8 31. Re2 f5 32.
Red2 fxe4 33. fxe4 Nf4+ 34. Nxf4 Rxf4 35. Rxd6 Qe8 36.
Rd7+ Rf7 37. Rxf7+ Qxf7 38. Qxe5+ Kh7 39. Rf1 Qd7 40.
Qd5 1-0

[Event "*** SCC Grand Prix: Titled Tuesday Blitz"]
[Site "Chess.com"]
[Date "2020.07.07"]
[Round "2"]
[White "Larina_Marija"]
[Black "doctorcristian"]
[Result "0-1"]
[WhiteElo "2098"]
[BlackElo "2400"]
[TimeControl "180+1"]
[EndTime "10:18:13 PDT"]
[Termination "doctorcristian won by resignation"]

1. e4 c6 2. d4 d5 3. Nd2 dxe4 4.
Nxe4 Nf6 5. Nxf6+ gxf6 6. Qd3 Nd7 7. Nf3 Nb6 8. c4 Bg4 9. Be2 e6 10. h3 Bh5 11. Bf4 Bb4+ 12. Bd2 Bg6 13. Qe3 Bxd2+ 14. Qxd2 Qc7 15. Nh4 O-O-O 16. Nxg6 hxg6 17. O-O-O c5 18.
Qc3 cxd4 19. Rxd4 Qe5 20. Rxd8+ Rxd8 21. Qxe5 fxe5 22. Rd1 e4 23. c5 Nd7 24. b4 Kc7 25. Kc2 a5 26. a3 axb4 27. axb4 Ne5 28. Rxd8 Kxd8 29. Kc3 f5 30. Kd4 Nc6+ 31. Kc4 Ne5+ 32. Kb5 Kc7 33. Ka4 Nd3 34. f3 exf3 35. gxf3 Nf4 36.
Bf1 g5 37. b5 e5 38. Kb3 e4 39. fxe4 fxe4 40. Kc3 e3 41. Kd4 e2 42. Bxe2 Nxe2+ 43. Ke5 Ng1 44. Kf5 Nxh3 45. Kg4 Nf4 46. Kxg5 Ne6+ 47.
Kf6 Nxc5 48. Ke5 Kb6 49. Kd6 Kxb5 50. Kc7 b6 0-1

[Event "*** SCC Grand Prix: Titled Tuesday Blitz"]
[Site "Chess.com"]
[Date "2020.07.07"]
[Round "2"]
[White "juniortay"]
[Black "TheLawAdv"]
[Result "1/2-1/2"]
[WhiteElo "2372"]
[BlackElo "2052"]
[TimeControl "180+1"]
[EndTime "10:18:13 PDT"]
[Termination "Game drawn by repetition"]

1. e4 c5 2. Nc3 d6 3. g3 e6 4. Bg2 Nc6 5. d3 g6 6. f4 Bg7 7. Nf3 Nge7 8. O-O O-O 9. Be3 b6 10.
Rb1 d5 11. Bd2 Ba6 12. h3 Bxc3 13. Bxc3 dxe4 14. Ng5 exd3 15. Ne4 Nd5 16. Nf6+ Nxf6 17. Bxc6 Rc8 18. Bg2 Nd5 19. Be5 Ne3 20. Qd2 Nxf1 21. Bxf1 c4 22. c3 f6 23. Bd4 Bb7 24. Bg2 Bxg2 25.
Qxg2 Qd6 26. Re1 Rc7 27. h4 Re7 28. h5 e5 29. fxe5 fxe5 30. Be3 e4 31. Bd4 Rf3 32. Kh2 Ref7 33. Rxe4 d2 34. Re8+ Rf8 35. Rxf8+ Qxf8 36. Qxd2 Qf5 37. Qh6 Rf2+ 38. Bxf2 Qxf2+ 39. Kh3 Qf1+ 40. Kh2 Qf2+ 41. Kh3 Qf1+ 42. Kh2 Qf2+ 1/2-1/2

[Event "*** SCC Grand Prix: Titled Tuesday Blitz"]
[Site "Chess.com"]
[Date "2020.07.07"]
[Round "2"]
[White "turayev_shahruh17"]
[Black "1977Ivan"]
[Result "0-1"]
[WhiteElo "2477"]
[BlackElo "2685"]
[TimeControl "180+1"]
[EndTime "10:18:14 PDT"]
[Termination "1977Ivan won by resignation"]

1. e4 c5 2. Nc3 Nc6 3. Bb5 Nd4 4. Bc4 e6 5. Nge2 a6 6. a4 Ne7 7. O-O Nec6 8. d3 g6 9. f4 Bg7 10. Ng3 O-O 11. f5 Ne5 12. Ba2 b5 13. Nce2 bxa4 14. c3 Nxe2+ 15. Qxe2 a5 16. Bb1 Ba6 17. Bf4 Re8 18.
Qe3 exf5 19. Qxc5 Nxd3 20. Bxd3 Bxd3 21. exf5 Bxf1 22. Rxf1 Ra6 23. fxg6 hxg6 24. Kh1 Rae6 25. Bd2 Qb6 26. Qd5 Qc6 27. Qxa5 Re2 28. Nxe2 Rxe2 29.
Qg5 Qe4 30. Rg1 f6 31. Qf4 Qxf4 32. Bxf4 Rxb2 33. Bd6 f5 34. Bb4 Rxb4 35. cxb4 a3 36. b5 a2 37. b6 a1=Q 0-1

[Event "*** SCC Grand Prix: Titled Tuesday Blitz"]
[Site "Chess.com"]
[Date "2020.07.07"]
[Round "2"]
[White "Alexander_Zubov"]
[Black "GAusal"]
[Result "1-0"]
[WhiteElo "2942"]
[BlackElo "2049"]
[TimeControl "180+1"]
[EndTime "10:18:14 PDT"]
[Termination "Alexander_Zubov won by resignation"]

1. d4 d5 2. Nf3 c6 3. c4 Nf6 4. Qb3 Qb6 5. Qc2 g6 6. Bf4 Bf5 7. Qc1 Bg7 8. e3 O-O 9. Nc3 Nbd7 10. Be2 Ne4 11. O-O dxc4 12. Bxc4 Ndf6 13. h3 Nxc3 14.
bxc3 Nd5 15. Bg5 Rfe8 16. Bb3 h6 17. Bh4 Be4 18. Nd2 Bd3 19. Re1 Qa5 20. c4 Nc3 21.
Kh1 g5 22. Bg3 Ne4 23. Nxe4 Bxe4 24. Qb2 Bg6 25. Rad1 Rad8 26. Kg1 e6 27. Qc1 Qf5 28. c5 Qf6 29. Be5 Qe7 30. Bd6 Qd7 31. e4 Qc8 32. e5 Qd7 33. Qe3 Bf5 34. Qg3 Bg6 35. h4 f6 36. exf6 Bxf6 37. hxg5 hxg5 38. f4 Kf7 39. fxg5 Bg7 40. Qf4+ Kg8 41. Qg4 Rf8 42. Bxe6+ 1-0

[Event "*** SCC Grand Prix: Titled Tuesday Blitz"]
[Site "Chess.com"]
[Date "2020.07.07"]
[Round "2"]
[White "ThePatrick27"]
[Black "ENajer77"]
[Result "1-0"]
[WhiteElo "2516"]
[BlackElo "2717"]
[TimeControl "180+1"]
[EndTime "10:18:15 PDT"]
[Termination "ThePatrick27 won by resignation"]

1. d4 Nf6 2. c4 e6 3. Nc3 Bb4 4. e3 O-O 5. Bd3 d5 6. Ne2 c5 7. O-O Nc6 8. a3 Bxc3 9. bxc3 dxc4 10. Bxc4 Qc7 11. Ng3 Rd8 12. Ba2 b6 13. Bb2 Ba6 14. Re1 Na5 15. e4 Bc4 16. Bb1 Nb3 17. e5 Ne8 18.
Ra2 cxd4 19. cxd4 f5 20. exf6 Nxf6 21. Nh5 Qf7 22. Nxf6+ Qxf6 23. d5 Qh6 24. d6 Bd5 25. Qg4 Nc5 26. Be5 Bxa2 27. Bxa2 Re8 28. h3 Nd7 29.
Bg3 Kh8 30. Re3 Nf6 31. Qf3 Rad8 32. Be5 Qh5 33. Qf4 Nd5 34. Qg3 Qg6 35. Qxg6 hxg6 36.
Rg3 Rf8 37. Rxg6 Rf5 38. Rxe6 Nf4 39. Re7 Ng6 40. Bxg7+ Kh7 41. Rxa7 Ra5 42. Rb7 1-0

[Event "*** SCC Grand Prix: Titled Tuesday Blitz"]
[Site "Chess.com"]
[Date "2020.07.07"]
[Round "2"]
[White "WIDBIFS"]
[Black "MomchilPetkov"]
[Result "0-1"]
[WhiteElo "2797"]
[BlackElo "2549"]
[TimeControl "180+1"]
[EndTime "10:18:16 PDT"]
[Termination "MomchilPetkov won by resignation"]

1. d4 Nf6 2. Nf3 e6 3. Bf4 d5 4. e3 Bd6 5. Bg3 O-O 6. Nbd2 c5 7. c3 Nc6 8. Bd3 b6 9. Qe2 Bb7 10. Rd1 a5 11. a4 Ra7 12. e4 Be7 13. e5 Nh5 14. h4 Nxg3 15. fxg3 h6 16. g4 cxd4 17. g5 dxc3 18. bxc3 Bc5 19. gxh6 gxh6 20. Ng5 Bc8 21. Ndf3 f6 22. exf6 Qxf6 23. Bb5 Qxc3+ 24. Kf1 Nd4 25.
Rxd4 Qxd4 26. Qc2 hxg5 27. hxg5 Qa1+ 28. Ke2 Qxh1 29. Kd3 Qh7+ 30. Kd2 0-1

[Event "*** SCC Grand Prix: Titled Tuesday Blitz"]
[Site "Chess.com"]
[Date "2020.07.07"]
[Round "2"]
[White "sergiochess83"]
[Black "ketster"]
[Result "1-0"]
[WhiteElo "2839"]
[BlackElo "2439"]
[TimeControl "180+1"]
[EndTime "10:18:16 PDT"]
[Termination "sergiochess83 won by resignation"]

1. e4 e5 2. Nf3 Nc6 3. Bb5 a6 4. Ba4 Nf6 5. O-O Be7 6. Re1 b5 7. Bb3 d6 8. c3 O-O 9. h3 Nd7 10. d4 Bf6 11. a4 Rb8 12. axb5 axb5 13. Be3 Ne7 14. Nbd2 Ng6 15. Nf1 c5 16. Ng3 Bb7 17. dxc5 Nxc5 18. Bd5 Nf4 19. Bxf4 exf4 20. Nf5 g6 21.
Nxd6 Bxd5 22. Qxd5 Nb7 23. e5 Bxe5 24. Nxe5 Qxd6 25.
Qxd6 Nxd6 26. Nd7 Nc4 27. Nxb8 Rxb8 28. b3 Nd2 29. Ra7 Nxb3 30. Ree7 Rf8 31. Rab7 Nd2 32. Rxb5 f3 33. Rd5 Nb1 34. Rd3 fxg2 35. Red7 Kg7 36.
c4 Rc8 37. Rb7 Rxc4 38. Rxb1 1-0

[Event "*** SCC Grand Prix: Titled Tuesday Blitz"]
[Site "Chess.com"]
[Date "2020.07.07"]
[Round "2"]
[White "okriak"]
[Black "grunbergmihai"]
[Result "1/2-1/2"]
[WhiteElo "2732"]
[BlackElo "2422"]
[TimeControl "180+1"]
[EndTime "10:18:16 PDT"]
[Termination "Game drawn by repetition"]

1. Nf3 Nf6 2. c4 g6 3. Nc3 d5 4.
cxd5 Nxd5 5. e4 Nxc3 6. dxc3 Qxd1+ 7. Kxd1 Bg7 8. Bf4 c5 9. Kc2 Nc6 10. Bc4 O-O 11. Rhd1 Bg4 12. Rd2 Rfd8 13. Bd5 Bxf3 14. gxf3 Rac8 15. Rad1 Bf6 16. Bxc6 Rxd2+ 17. Rxd2 Rxc6 18.
e5 Bh4 19. Bg3 Bxg3 20. fxg3 Rc7 21. Rd8+ Kg7 22. Kd3 f6 23. Ke4 Kf7 24. Rh8 h5 25. Rd8 Ke6 26. f4 fxe5 27. fxe5 c4 28. Rg8 Kf7 29. Rd8 Ke6 30. Rd5 Rc6 31. Rb5 b6 32. a4 g5 33. h3 Rc8 34. a5 Rc6 35. Rd5 bxa5 36. Rxa5 a6 37. Ra4 h4 38. g4 Rb6 39. Rxc4 Rxb2 40. Rc6+ Kd7 41. Rxa6 Rh2 42. Rg6 Rxh3 43. Kd4 Rg3 44. Rxg5 h3 45. c4 h2 46. Rh5 Rxg4+ 47. Kd5 Rg2 48. Rh7 Rd2+ 49. Ke4 Kc6 50. Ke3 Rc2 51. Kd3 Rg2 52. Kd4 Rd2+ 53. Ke3 Rc2 54. Kd3 Rg2 55. Kd4 Rd2+ 56. Ke3 1/2-1/2

[Event "*** SCC Grand Prix: Titled Tuesday Blitz"]
[Site "Chess.com"]
[Date "2020.07.07"]
[Round "2"]
[White "Bulldog167"]
[Black "killer311"]
[Result "1-0"]
[WhiteElo "2736"]
[BlackElo "2385"]
[TimeControl "180+1"]
[EndTime "10:18:16 PDT"]
[Termination "Bulldog167 won by resignation"]

1. e4 c6 2. d4 d5 3. exd5 cxd5 4. Bd3 Nc6 5. c3 Qc7 6. Na3 a6 7. Nc2 Nf6 8. h3 g6 9. Ne2 Bg7 10. Bf4 e5 11. dxe5 Nxe5 12. O-O O-O 13. Ne3 Qe7 14.
Bc2 Rd8 15. Bb3 Nc4 16. Qc1 Be6 17. Nd4 Rac8 18. Re1 Qd7 19. Bg5 Nxe3 20. Qxe3 Re8 21.
Nxe6 Rxe6 22. Qd3 Rce8 23. Rxe6 Rxe6 24. Rd1 Rd6 25. Bf4 Re6 26. c4 Nh5 27. Bc1 d4 28. Bd2 Be5 29. c5 Re7 30. Bg5 Re8 31. Qf3 Kg7 32. Qd5 Qxd5 33. Bxd5 f6 34. Bc1 Re7 35. b4 Nf4 36. Bf3 d3 37. Be3 g5 38. Kf1 Rd7 39. Be4 Bd4 40. Bxf4 gxf4 41.
Rxd3 Kf7 42. Bxh7 Ke6 43. Be4 Ke5 44. Bf3 Rd8 45. Bxb7 Rc8 46. Bxc8 1-0

[Event "*** SCC Grand Prix: Titled Tuesday Blitz"]
[Site "Chess.com"]
[Date "2020.07.07"]
[Round "2"]
[White "margarita_2703"]
[Black "j2806"]
[Result "1-0"]
[WhiteElo "2387"]
[BlackElo "2061"]
[TimeControl "180+1"]
[EndTime "10:18:16 PDT"]
[Termination "margarita_2703 won by resignation"]

1. Nf3 d5 2. d4 e6 3. Bf4 Nf6 4. e3 c5 5. c3 b6 6. Nbd2 Bd6 7. Ne5 Qc7 8. Bd3 O-O 9. O-O Ba6 10.
Bxa6 Nxa6 11. Bg3 Nb8 12. f4 Nc6 13. Bh4 Ne4 14. Nxe4 dxe4 15. Nxc6 Qxc6 16. f5 exf5 17. Rxf5 Qc7 18. h3 Rae8 19. Qg4 Be7 20. Bxe7 Qxe7 21. Re5 Qb7 22. Rd1 Rxe5 23. dxe5 Qe7 24. Qxe4 f6 25.
Qd5+ Kh8 26. e6 Re8 27. Qc6 h6 28. Rd7 Qxe6 29. Qxe6 Rxe6 30. Rxa7 Rxe3 31. Ra6 Re6 32. a4 Kg8 33. a5 Rc6 34. axb6 Kf7 35. b7 Rxa6 36. b8=Q 1-0

[Event "*** SCC Grand Prix: Titled Tuesday Blitz"]
[Site "Chess.com"]
[Date "2020.07.07"]
[Round "2"]
[White "ZverevLev"]
[Black "luizwas"]
[Result "1-0"]
[WhiteElo "2346"]
[BlackElo "1804"]
[TimeControl "180+1"]
[EndTime "10:18:16 PDT"]
[Termination "ZverevLev won by checkmate"]

1. e4 e6 2. d4 d5 3. Nc3 Bb4 4. e5 c5 5. a3 Bxc3+ 6. bxc3 Qc7 7. Qg4 f5 8. Qg3 cxd4 9. cxd4 Ne7 10. Bd2 Qxc2 11.
Bd3 Qc6 12. Rc1 Qd7 13. Qxg7 Rg8 14. Qxh7 Rxg2 15. Nf3 Nbc6 16. Bg5 Rg4 17. Qh8+ Kf7 18. Bf6 Rg8 19. Qh5+ Kf8 20. Rg1 Rxg1+ 21. Nxg1 Ng8 22.
Qh8 Qf7 23. Nf3 Qg6 24. Ng5 Qh6 25. Qxh6+ Nxh6 26. Nf3 Ng4 27. Bg5 Bd7 28. h3 Nxd4 29.
Nxd4 Nxe5 30. Be2 Rc8 31. Rxc8+ Bxc8 32. Bf4 Ng6 33. Bd6+ Kf7 34. Nf3 Bd7 35. Ne5+ Nxe5 36.
Bxe5 Kg6 37. f4 Ba4 38. h4 Bc2 39. Kd2 Be4 40. h5+ Kf7 41. Ke3 a6 42. Kf2 Bb1 43. Kg3 b5 44. Kh4 Kg8 45. h6 Kh7 46.
Kg5 Be4 47. Bh5 a5 48. Bg6+ Kg8 49. h7+ Kf8 50. h8=Q+ Ke7 51. Qe8# 1-0

[Event "*** SCC Grand Prix: Titled Tuesday Blitz"]
[Site "Chess.com"]
[Date "2020.07.07"]
[Round "2"]
[White "GigaQuparadze"]
[Black "GoltsevDmitry2000"]
[Result "1-0"]
[WhiteElo "2878"]
[BlackElo "2560"]
[TimeControl "180+1"]
[EndTime "10:18:17 PDT"]
[Termination "GigaQuparadze won by checkmate"]

1. e4 c5 2. Ne2 e6 3. d4 cxd4 4.
Nxd4 a6 5. Nc3 Qc7 6. g3 Nf6 7. Bg2 Nc6 8. O-O Bc5 9. Nb3 Ba7 10. Kh1 O-O 11. f4 d6 12. g4 Rd8 13. g5 Ne8 14. f5 Ne5 15. Qh5 exf5 16. exf5 Bxf5 17. Rxf5 g6 18. Qh3 gxf5 19. Bf4 Ng6 20.
Rf1 Qc4 21. Nd5 Qxc2 22. Bc1 Rac8 23. Qh6 Kh8 24. h4 Rc4 25. Bf4 Qxb2 26. Nd2 Rc1 27.
h5 Rxf1+ 28. Nxf1 Qd4 29. Nfe3 Qg7 30. hxg6 Qxh6+ 31. gxh6 fxg6 32. Nc4 Bc5 33. Ne7 b5 34. Ne5 Nf6 35. Nf7# 1-0

[Event "*** SCC Grand Prix: Titled Tuesday Blitz"]
[Site "Chess.com"]
[Date "2020.07.07"]
[Round "2"]
[White "fridaywins"]
[Black "Bacyanide"]
[Result "1-0"]
[WhiteElo "2288"]
[BlackElo "2449"]
[TimeControl "180+1"]
[EndTime "10:18:17 PDT"]
[Termination "fridaywins won by resignation"]

1. e4 c6 2. Nc3 d5 3. Nf3 dxe4 4. Nxe4 Nf6 5. Ng3 g6 6. d4 Bg7 7. h3 O-O 8. Bd3 c5 9. dxc5 Nbd7 10. O-O Nxc5 11.
Be2 b6 12. Be3 Bb7 13. c3 Qc7 14. Nd4 a6 15. Bf3 Rad8 16. Bxb7 Qxb7 17. Qf3 Qc7 18. Rad1 e5 19. Nb3 e4 20. Qe2 Nxb3 21. axb3 a5 22.
Qb5 Rb8 23. Rd2 Rfe8 24. Rfd1 h5 25. Ne2 Nh7 26. Bf4 Be5 27. Bxe5 Rxe5 28. Qd7 Qxd7 29. Rxd7 Nf6 30. Rd8+ Rxd8 31. Rxd8+ Kg7 32. Rb8 Re6 33.
Nd4 Rd6 34. Kf1 Nd5 35. g3 h4 36. Re8 hxg3 37. fxg3 f5 38. Ke2 Kf7 39. Rb8 Kf6 40. Rf8+ Ke7 41. Rb8 Rf6 42. Rb7+ Kd6 43. c4 Nb4 44.
Rxb6+ Ke5 45. Rxf6 Kxf6 46. c5 g5 47. c6 Nd5 48. Nb5 Ke7 49. Nc3 Kd6 50. Nxd5 Kxd5 51. c7 f4 1-0

[Event "*** SCC Grand Prix: Titled Tuesday Blitz"]
[Site "Chess.com"]
[Date "2020.07.07"]
[Round "2"]
[White "diablanni"]
[Black "Yashasd1995"]
[Result "0-1"]
[WhiteElo "2296"]
[BlackElo "2514"]
[TimeControl "180+1"]
[EndTime "10:18:18 PDT"]
[Termination "Yashasd1995 won by resignation"]

1. e4 d5 2. exd5 Nf6 3. Bb5+ Bd7 4. Be2 Nxd5 5. d4 g6 6. Nf3 Bg7 7. O-O O-O 8. c4 Nb6 9. Be3 Bg4 10. b3 Nc6 11. Nbd2 a5 12. Rc1 e6 13. h3 Bxf3 14. Nxf3 a4 15. Qd2 axb3 16. axb3 Qe7 17. Rfd1 Rfd8 18.
Bf1 Qb4 19. Qc2 Ra3 20. Rb1 Rda8 21. Bd2 Qe7 22. Bc3 Ra2 23. Rb2 Qa3 24. Rdb1 Rxb2 25. Bxb2 Qe7 26. Rd1 Nb4 27. Qd2 Ra2 28. Ra1 Rxa1 29.
Bxa1 Nc6 30. Bc3 Qa3 31. Qc2 Nb4 32. Qd2 Na6 33. Qd1 Nd7 34. Nd2 c5 35. Ne4 cxd4 36. Bxd4 Qe7 37. Bxg7 Kxg7 38. Qa1+ e5 39. g3 Nac5 40.
Qa3 b6 41. Nc3 Nf6 42. Bg2 e4 43. Qa7 Qxa7 0-1

[Event "*** SCC Grand Prix: Titled Tuesday Blitz"]
[Site "Chess.com"]
[Date "2020.07.07"]
[Round "2"]
[White "zajka-molotok"]
[Black "AlanTate"]
[Result "1-0"]
[WhiteElo "2420"]
[BlackElo "2155"]
[TimeControl "180+1"]
[EndTime "10:18:18 PDT"]
[Termination "zajka-molotok won on time"]

1. c4 c5 2. Nf3 Nf6 3. Nc3 Nc6 4. g3 d5 5. cxd5 Nxd5 6. Bg2 Nc7 7. O-O e5 8. d3 Be7 9. Nd2 O-O 10. a4 Be6 11.
Nc4 f6 12. Bd2 Nd5 13. Rc1 Rc8 14.
b3 b6 15. Qc2 Ndb4 16. Qb1 Qd7 17. Rfd1 Bg4 18. Ne3 Be6 19. Be1 f5 20. Nc4 Rcd8 21.
Na2 Nd4 22. Qb2 Nxa2 23. Qxa2 Bf6 24. e3 Nc6 25. Bc3 Rfe8 26. Qa1 Bf7 27. Rd2 Bd5 28. Bh3 Be6 29. Bg2 Bd5 30. e4 Be6 31. exf5 Bxf5 32. Rcd1 Nd4 33. Bxd4 exd4 34. Re1 Rxe1+ 35. Qxe1 Re8 36.
Re2 1-0

[Event "*** SCC Grand Prix: Titled Tuesday Blitz"]
[Site "Chess.com"]
[Date "2020.07.07"]
[Round "2"]
[White "Matibar"]
[Black "RestartingChess"]
[Result "1-0"]
[WhiteElo "2736"]
[BlackElo "2500"]
[TimeControl "180+1"]
[EndTime "10:18:19 PDT"]
[Termination "Matibar won by resignation"]

1. e4 Nf6 2. e5 Nd5 3. d4 d6 4. c4 Nb6 5. exd6 exd6 6. Nc3 Be7 7. Be3 O-O 8. h3 Bf6 9. Nf3 Re8 10. Be2 Nc6 11.
O-O d5 12. c5 Nc4 13. Bc1 Bf5 14. b3 N4a5 15. Ba3 b6 16. Rc1 Be4 17. b4 Bxf3 18. Bxf3 Nc4 19. Bxd5 Nxa3 20. Bxc6 Qxd4 21. Qxd4 Bxd4 22.
Bxa8 Rxa8 23. Nd5 bxc5 24. bxc5 Kf8 25. Nxc7 Rc8 26. Na6 Rc6 27. Nb4 Rxc5 28. Rxc5 Bxc5 29. Nd3 Bb6 30. Rc1 Nb5 31. a4 Nd4 32. Kf1 Ke7 33. Rc8 Nf5 34. Ne5 Nd6 35. Ra8 Ne4 36. f3 Nc3 37. a5 Bc5 38. Nc6+ Kd6 39. Nxa7 Kc7 40. Rc8+ Kd6 41. a6 Nd5 42. Nb5+ 1-0

[Event "*** SCC Grand Prix: Titled Tuesday Blitz"]
[Site "Chess.com"]
[Date "2020.07.07"]
[Round "2"]
[White "Gandrade2"]
[Black "sasko1234"]
[Result "1-0"]
[WhiteElo "2134"]
[BlackElo "2391"]
[TimeControl "180+1"]
[EndTime "10:18:19 PDT"]
[Termination "Gandrade2 won on time"]

1. d4 Nf6 2. c4 d6 3. Nc3 Bf5 4.
Nf3 Nbd7 5. Bg5 c6 6. e3 e5 7.
Be2 Be7 8. O-O O-O 9. Rc1 Ne4 10. Bxe7 Qxe7 11. Qb3 Nxc3 12. Rxc3 Rab8 13. Qa3 e4 14. Nd2 a6 15. Rd1 Nf6 16. b4 h5 17. b5 c5 18. dxc5 dxc5 19. Nb3 b6 20. bxa6 Bg4 21. Nc1 Bxe2 22. Nxe2 Ng4 23. Nf4 Qh4 24. a7 Qxf2+ 25. Kh1 Rbd8 26. Qc1 Nxe3 27. Rxe3 Rxd1+ 28. Qxd1 Qxe3 29. Nd5 Qd4 30. Qf1 e3 31. h3 1-0

[Event "*** SCC Grand Prix: Titled Tuesday Blitz"]
[Site "Chess.com"]
[Date "2020.07.07"]
[Round "2"]
[White "Karacsonyi_Gellert"]
[Black "ahachess"]
[Result "1-0"]
[WhiteElo "2469"]
[BlackElo "2285"]
[TimeControl "180+1"]
[EndTime "10:18:20 PDT"]
[Termination "Karacsonyi_Gellert won on time"]

1. e4 c5 2. Nf3 d6 3. d4 cxd4 4. Nxd4 Nf6 5. Nc3 a6 6. Bc4 e6 7.
O-O b5 8. Bb3 Be7 9. Qf3 Qb6 10.
Be3 Qb7 11. Qg3 O-O 12. Bh6 Ne8 13. Rfe1 Bd7 14. Rad1 Kh8 15. Bg5 Nf6 16. Bxf6 Bxf6 17. Qxd6 Re8 18. Nf3 Bc6 19. Qg3 Bxc3 20. bxc3 Nd7 21.
Ng5 Kg8 22. Qf4 Nf6 23. e5 Nd5 24. Bxd5 Bxd5 25. Rd3 h6 26. Ne4 Bxe4 27. Rxe4 Red8 28. Red4 Rxd4 29. Qxd4 Rc8 30. h3 Kh7 31. Rg3 Rc4 32. Qd3+ Kg8 33. Qd8+ Kh7 34. Qf8 g6 35. Rf3 Rc7 36.
h4 h5 37. Rd3 Rd7 38. Rd6 a5 39.
Qe8 Re7 40. Qd8 Kg7 41. Qxa5 Qe4 42. Qxb5 Qe1+ 43. Qf1 Qxe5 44. Rd4 Rc7 45. Rc4 1-0

[Event "*** SCC Grand Prix: Titled Tuesday Blitz"]
[Site "Chess.com"]
[Date "2020.07.07"]
[Round "2"]
[White "marabu44"]
[Black "Iskusnyh"]
[Result "0-1"]
[WhiteElo "2244"]
[BlackElo "2455"]
[TimeControl "180+1"]
[EndTime "10:18:20 PDT"]
[Termination "Iskusnyh won by checkmate"]

1. Nf3 d5 2. d4 Nf6 3. c4 c6 4. e3 a6 5. Nc3 e6 6. Be2 c5 7. O-O Nc6 8. a3 dxc4 9. dxc5 Bxc5 10. Bxc4 O-O 11. b4 Bd6 12. Bb2 Ne5 13. Bb3 Nd3 14. Ra2 Nxb2 15. Rxb2 Qe7 16. Rd2 Bc7 17. e4 Ng4 18. h3 Ne5 19. Nxe5 Bxe5 20. Na4 b5 21.
Nc5 a5 22. f4 Bc3 23. Re2 axb4 24. axb4 Bxb4 25. Nd3 Bb7 26. f5 Bc3 27. e5 exf5 28. Nf4 Be4 29. e6 fxe6 30. Rxe4 fxe4 31. Bxe6+ Kh8 32. Qh5 Rf6 33. Bf5 Qc5+ 34. Kh1 Qxf5 35. Ng6+ Qxg6 36. Qxg6 Rxf1+ 37. Kh2 Be5+ 38. g3 Ra2# 0-1

[Event "*** SCC Grand Prix: Titled Tuesday Blitz"]
[Site "Chess.com"]
[Date "2020.07.07"]
[Round "2"]
[White "Bodnar_Mykola"]
[Black "Quiet_Desperation"]
[Result "1-0"]
[WhiteElo "2440"]
[BlackElo "2209"]
[TimeControl "180+1"]
[EndTime "10:18:20 PDT"]
[Termination "Bodnar_Mykola won by resignation"]

1. e4 e5 2. Nf3 Nc6 3. Bc4 Nf6 4. d3 Be7 5. a4 O-O 6. O-O d5 7. exd5 Nxd5 8. Re1 Bf6 9. a5 Bg4 10. c3 a6 11. Nbd2 Nf4 12. Ne4 b5 13. axb6 cxb6 14. Bxf4 exf4 15. Bxa6 Ne5 16. d4 Nxf3+ 17. gxf3 Bh3 18.
Bf1 Bxf1 19. Rxf1 Be7 20. Qb3 Qd7 21. Qxb6 Rab8 22. Ra7 Qh3 23. Qc6 Bh4 24. b4 Rbe8 25. Qd5 Re6 26. Ra8 Rg6+ 27. Ng3 fxg3 28. fxg3 Bg5 29. Rxf8+ Kxf8 30. Re1 Re6 31. Qc5+ Ke8 32.
Qb5+ Ke7 33. Qxg5+ 1-0

[Event "*** SCC Grand Prix: Titled Tuesday Blitz"]
[Site "Chess.com"]
[Date "2020.07.07"]
[Round "2"]
[White "Chessdreamer2020"]
[Black "Roza_Idrisova"]
[Result "1-0"]
[WhiteElo "2629"]
[BlackElo "2214"]
[TimeControl "180+1"]
[EndTime "10:18:21 PDT"]
[Termination "Chessdreamer2020 won by resignation"]

1. e4 c6 2. d4 d5 3. exd5 cxd5 4. c4 Nf6 5. Nc3 Nc6 6. Nf3 Bg4 7. Qb3 Bxf3 8.
gxf3 e6 9. cxd5 Nxd5 10. Qxb7 Nxd4 11. Bb5+ Nxb5 12. Qc6+ Ke7 13. Qc5+ Nd6 14. Nxd5+ exd5 15. O-O Ke8 16. Qc6+ Ke7 17. Bf4 Rc8 18. Bxd6+ Qxd6 19. Qxc8 Kf6 20. Rac1 Qf4 21. Rc6+ Kg5 22. Qd8+ f6 23.
Qxd5+ Kg6 24. Kh1 h5 25. Rg1+ Kh6 26. Qe4 Qxe4 27. fxe4 Bb4 28. e5 Rf8 29. a3 Bd2 30.
exf6 gxf6 31. Rd1 Bg5 32. Rd4 Kg6 33. b4 Rf7 34. b5 Re7 35. Kg2 Re2 36. Kf3 Ra2 37.
Ra4 h4 38. Rxa7 h3 39. b6 Bh4 40. b7 Rb2 41. Rc8 Rxf2+ 42. Kg4 Bg5 43. b8=Q f5+ 44. Kxh3 Rf3+ 45. Kg2 1-0

[Event "*** SCC Grand Prix: Titled Tuesday Blitz"]
[Site "Chess.com"]
[Date "2020.07.07"]
[Round "2"]
[White "IMKarimIsmael"]
[Black "carlesdc96"]
[Result "0-1"]
[WhiteElo "2404"]
[BlackElo "2702"]
[TimeControl "180+1"]
[EndTime "10:18:21 PDT"]
[Termination "carlesdc96 won by resignation"]

1. e4 e6 2. d4 d5 3. exd5 exd5 4. Nf3 Nf6 5. Bd3 Bd6 6. Qe2+ Be6 7. Ng5 Qe7 8. Nxe6 fxe6 9. O-O O-O 10. Re1 Re8 11.
Nd2 c5 12. c3 Nc6 13. Nf3 e5 14. dxc5 Bxc5 15. b4 e4 16. bxc5 exf3 17. Qxe7 Nxe7 18. gxf3 Nc6 19. Be3 Re7 20. Bd4 Rae8 21. Rxe7 Rxe7 22. Bxf6 gxf6 23. f4 d4 24. cxd4 Nxd4 25. Rd1 Kg7 26. Kf1 Rc7 27. Be4 Ne6 28. c6 bxc6 29. f5 Ng5 30. Bg2 c5 31. Bd5 c4 32. Ke2 c3 33. f4 Nh3 34. Kf3 c2 35. Rc1 Rc3+ 36. Kg4 Nf2+ 37. Kh5 Nd3 38. Rg1+ Kf8 39. Rg8+ Ke7 40.
Rg7+ Kd6 0-1

[Event "*** SCC Grand Prix: Titled Tuesday Blitz"]
[Site "Chess.com"]
[Date "2020.07.07"]
[Round "2"]
[White "Djager97"]
[Black "isainz"]
[Result "0-1"]
[WhiteElo "2402"]
[BlackElo "2164"]
[TimeControl "180+1"]
[EndTime "10:18:23 PDT"]
[Termination "isainz won on time"]

1. e4 c5 2. Nf3 Nc6 3. d4 cxd4 4. Nxd4 e5 5. Nb5 d6 6. N1c3 a6 7. Na3 b5 8. Nd5 Nge7 9. c4 Nd4 10. cxb5 Nxd5 11.
exd5 Be7 12. Bc4 axb5 13. Nxb5 Ba6 14. Nxd4 Bxc4 15. Nc6 Qd7 16. b3 Bb5 17. a4 Bxc6 18.
dxc6 Qxc6 19. O-O O-O 20. b4 Qc4 21. b5 d5 22. Ba3 Bxa3 23. Rxa3 d4 24. Qc1 Rxa4 25.
Rxa4 Qxa4 26. Qc5 Re8 27. b6 h6 28. b7 Qd7 29. Rb1 Rb8 30. Qa7 Qd6 31. Rc1 Kh7 0-1

[Event "*** SCC Grand Prix: Titled Tuesday Blitz"]
[Site "Chess.com"]
[Date "2020.07.07"]
[Round "2"]
[White "Flawless_Fighter"]
[Black "kirillshevchenko"]
[Result "0-1"]
[WhiteElo "2582"]
[BlackElo "2941"]
[TimeControl "180+1"]
[EndTime "10:18:24 PDT"]
[Termination "kirillshevchenko won by checkmate"]

1. e4 c5 2. Nf3 d6 3. Bb5+ Nd7 4. a4 Nf6 5. d3 a6 6. Bc4 b6 7. Nc3 e6 8. O-O Be7 9. d4 cxd4 10. Nxd4 Ne5 11. Be2 Bb7 12. f4 Nc6 13. Nxc6 Bxc6 14. Bf3 Qc7 15. Be3 O-O 16. Qd4 Nd7 17. Rad1 b5 18.
axb5 axb5 19. f5 e5 20. Qd2 Nf6 21. g4 h6 22. Nd5 Bxd5 23. exd5 Ra2 24. c3 Nd7 25. Rf2 Nb6 26. Be2 Nc4 27. Bxc4 Qxc4 28. Rg2 f6 29. h4 Rfa8 30. g5 hxg5 31. hxg5 Qe4 32. gxf6 Bxf6 33. Bg5 Qxf5 34. Bxf6 Qxf6 35. Qe1 R8a4 36. Qe2 Ra1 37. Rg3 Rxd1+ 38. Qxd1 Rf4 39. Qe2 b4 40. Qb5 Qf5 41. Qb8+ Kh7 42. Qxd6 Rf1+ 43.
Kh2 Qf2+ 44. Kh3 Rh1+ 45. Kg4 Qf4# 0-1